 Dungeon Crawl Stone Soup version 0.17-a0-1382-gc46a074 (webtiles) character file.

10267 Gorice the Zephyrmancer (level 11, -3/60 HPs)
             Began as a Tengu Air Elementalist on June 14, 2015.
             Was a High Priest of Sif Muna.
             Killed from afar by Erica (16 damage)
             ... with an orb of energy
             ... on level 11 of the Dungeon on June 15, 2015.
             The game lasted 02:18:36 (18469 turns).

Gorice the Zephyrmancer (Tengu Air Elementalist)   Turns: 18469, Time: 02:18:36

Health: -3/60      AC: 13    Str:  9    XL:     11   Next: 59%
Magic:  11/24      EV: 16    Int: 19    God:    Sif Muna [*****.]
Gold:   572        SH:  0    Dex: 14    Spells: 6 memorised, 11 levels left

rFire  + . .     SeeInvis .     a - +2 falchion (protect)
rCold  . . .     Clarity  .     Q - +2 leather armour {rF+}
rNeg   . . .     SustAt   .     (no shield)
rPois  .         Gourm    .     (helmet restricted)
rElec  .         Spirit   .     T - +0 cloak
rCorr  .         Warding  .     S - +0 pair of gloves
rMut   .         Stasis   .     (boots unavailable)
MR     .....                    y - amulet of rage
Stlth  ++........               (no ring)
                                K - +4 ring of evasion

@: slowed, very slow, not resistant to hostile enchantments, unstealthy
A: beak, talons 3, able to fly 1
a: Fly, Channel Energy, Forget Spell, Renounce Religion, Evoke Berserk Rage


You were on level 11 of the Dungeon.
You worshipped Sif Muna.
Sif Muna was extremely pleased with you.
You were very hungry.

You visited 2 branches of the dungeon, and saw 12 of its levels.
You also visited: Ossuary.

You collected 572 gold pieces.

Inventory:

Hand weapons
 a - a +2 falchion of protection (weapon)
   (You took it off an orc on level 5 of the Dungeon)
 b - a +2 hunting sling of freezing
   (You took it off Joseph on level 7 of the Dungeon)
 A - the +11 great sword "Guam" {slice, MP+9}
   (You took it off an orc warrior on level 9 of the Dungeon)

   It inflicts extra damage upon your enemies.
   It affects your magic capacity (+9).
 J - a +0 whip of flaming
   (You took it off Pikel on level 7 of the Dungeon)
 O - a +0 quarterstaff of electrocution
   (You took it off Joseph on level 7 of the Dungeon)
 R - a +1 dire flail of freezing
   (You found it on level 11 of the Dungeon)
Missiles
 j - 3 poisoned sling bullets
 k - 95 bolts
 v - 4 tomahawks
 B - 40 poisoned needles
 H - 8 javelins (quivered)
 P - 26 sling bullets
 Z - 320 stones
Armour
 F - a +2 buckler
 N - the +0 buckler of Altruism {+Blink}
   (You found it on level 6 of the Dungeon)

   It lets you blink.
 Q - a +2 leather armour of fire resistance (worn)
   (You took it off Joseph on level 7 of the Dungeon)
 S - a +0 pair of gloves (worn)
 T - a +0 cloak (worn)
Magical staves
 o - an uncursed staff of earth
Jewellery
 y - an amulet of rage (around neck)
 K - a +4 ring of evasion (left hand)
Magical devices
 e - a wand of fire (0)
 t - a wand of invisibility (4)
 w - a wand of fireball (4)
Scrolls
 i - 6 scrolls of fog
 p - 2 scrolls of teleportation {!r}
 q - a scroll of enchant armour
 C - 8 scrolls of remove curse
 L - 2 scrolls of fear {!r}
 U - a scroll of blinking
Potions
 d - 2 potions of cancellation {!q}
 h - 2 potions of magic {!q}
 n - 2 potions of curing
 s - 2 potions of haste {unknown}
 u - 3 potions of lignification {!q}
 x - 2 potions of mutation {unknown}
 z - a potion of invisibility {unknown}
 D - a potion of degeneration {unknown}
 G - 2 potions of agility {!q}
 I - 4 potions of brilliance {!q}
 W - a potion of heal wounds {unknown}
Books
 l - a book of Maledictions
 m - a book of Air
 M - a Fen Folio
 V - a book of the Sky
Comestibles
 c - 7 bread rations {!e}
 f - a beef jerky
 g - 12 royal jellies
 r - 11 fruits
 E - 8 meat rations {!e}


   Skills:
 * Level 3.4 Fighting
 - Level 5.0 Armour
 - Level 2.1 Dodging
 - Level 2.0 Stealth
 * Level 8.6 Spellcasting
 - Level 13.0 Conjurations
 - Level 13.1 Air Magic


You had 11 spell levels left.
You knew the following spells:

 Your Spells              Type           Power        Failure   Level  Hunger
a - Shock                 Conj/Air       ####         1%          1    None
b - Static Discharge      Conj/Air       ######..     1%          3    None
c - Lightning Bolt        Conj/Air       ######....   1%          5    #####..
d - Stone Arrow           Conj/Erth      ####..       2%          3    None
M - Repel Missiles        Chrm/Air       ####..       1%          2    None
S - Swiftness             Chrm/Air       ####....     1%          2    None


Dungeon Overview and Level Annotations

Branches:
Dungeon (11/15)            Temple (1/1) D:6
   Lair: D:8-11         Orc: D:9-12

Altars:
Ashenzari
Cheibriados
Dithmenos
Elyvilon
Fedhas
Gozag
Kikubaaqudgha
Makhleb
Nemelex Xobeh
Okawaru
Qazlal
Ru
Sif Muna
Trog
Vehumet
Xom
Yredelemnul
Zin
The Shining One

Shops:
D:4 }   D:5 (   D:7 (

Annotations:
D:3 North's ghost, average HuBe
D:8 vpUX: Gastro!, Gastronok
D:10 Maud
D:11 Erica


Innate Abilities, Weirdness & Mutations

You have a beak for a mouth.
You have claws for feet.
You can fly.


Message History

The bolt of lightning hits something.
You are feeling very hungry.
You hear a shout! x8
You feel as though you will be slow longer.
Casting: Lightning Bolt
Confirm with . or Enter, or press ? or * to list all spells.
Aiming: Lightning Bolt
Press: ? - help, Shift-Dir - straight line You hear a mighty clap of thunder!
You hear a shout!
Wield which item (- for none, * to show all)? (? for menu, Esc to quit)
Okay, then.
Casting: Lightning Bolt
Confirm with . or Enter, or press ? or * to list all spells.
You can't see any susceptible monsters within range! (Use Z to cast anyway.)
Casting: Lightning Bolt
Confirm with . or Enter, or press ? or * to list all spells.
Aiming: Stone Arrow
Press: ? - help, Shift-Dir - straight line The stone arrow hits something.
You hear some strange, mumbled words.
You are confused.
You're too confused to attack without stumbling around!
You're too confused to attack without stumbling around!
You completely miss something. Something hits you! Something burns you.
Something hits you. Something burns you.
Damage: 19 (max 19)
You closely miss something. Something barely misses you.
You hear some strange, mumbled words.
You feel as though you will be slow longer.
You feel less confused.
Erica appears from thin air!
Reactivating autopickup.
Erica casts a spell at you. The bolt of poison misses you.
There is an open door here.
Casting: Stone Arrow
Confirm with . or Enter, or press ? or * to list all spells.
Aiming: Stone Arrow
Press: ? - help, Shift-Dir - straight line, f - Erica
Aim: Erica, wielding a scimitar of flaming and wearing a glowing robe (heavily wounded)
The stone arrow misses Erica.
Erica hits you with a scimitar of flaming!
* * * LOW HITPOINT WARNING * * *
Erica burns you.
* * * LOW HITPOINT WARNING * * *
Damage: 10 (max 10) Unknown command.
Erica casts a spell at you. The orb of energy hits you!
You die...

......# #.#
###)### #>#
..)..#
###'#########
###'..#
#...........#
....#
#...........#
....8
#...........#
....oo.
##...........#
.....8.o
#'...........#
......#..o
##..@........#
###@#########
##.# #..# #.##
#.# ###'######
#........#
#........#


You could see Erica.

Vanquished Creatures
  Joseph (D:7)
  Pikel (D:7)
  Maurice (D:11)
  A gargoyle (D:11)
  A komodo dragon (D:11)
  A troll (D:9)
  3 yaks (D:9)
  2 humans (D:7)
  A basilisk (D:11)
  Eustachio (D:4)
  A wyvern (D:8)
  2 soldier ants (D:9)
  A spider (D:9)
  A black bear (D:6)
  8 orc warriors
  5 necrophages
  4 sky beasts
  7 ogres
  9 centaurs
  A big kobold (D:6)
  2 phantoms
  2 elf zombies (Ossuary)
  A giant frog (D:7)
  A water moccasin zombie (D:8)
  2 scorpions
  21 killer bees
  2 giant frog zombies
  3 wights
  9 centaur zombies
  5 crimson imps
  4 orc priests
  5 hounds
  2 jellies
  4 iguanas
  5 orc wizards
  10 worker ants
  A killer bee zombie (D:6)
  2 big kobold zombies (Ossuary)
  2 hound zombies
  6 mummies
  3 hound skeletons (D:8)
  2 worker ant zombies
  13 adders
  4 gnolls (D:3)
  2 river rats (D:11)
  3 shadow imps
  An adder zombie (Ossuary)
  An ooze (D:1)
  An adder skeleton (D:7)
  A worm (D:3)
  7 giant geckos
  49 orcs
  3 bat skeletons (D:4)
  A bat zombie (D:6)
  5 giant cockroaches
  10 hobgoblins
  13 jackals
  9 quokkas
  A ball python skeleton (D:3)
  20 bats
  A giant gecko skeleton (D:4)
  4 giant newts
  18 goblins
  14 hobgoblin zombies (Ossuary)
  A jackal zombie (Ossuary)
  16 kobolds
  6 kobold zombies (Ossuary)
  7 orc zombies (Ossuary)
  A quokka skeleton (D:9)
  10 rats
368 creatures vanquished.

Vanquished Creatures (others)
  A hungry ghost (D:7)
  2 slaves (D:7)
  A scorpion (D:11)
  3 wights (D:11)
  A jelly (D:11)
  A worker ant (D:11)
  2 orcs (D:11)
  4 bats
  4 rats (D:11)
  2 fungi (D:11)
21 creatures vanquished.

Grand Total: 389 creatures vanquished

Notes
Turn   | Place    | Note
--------------------------------------------------------------
     0 | D:1      | Gorice the Tengu Air Elementalist began the quest for the Orb.
     0 | D:1      | Reached XP level 1. HP: 10/10 MP: 4/4
   102 | D:1      | Reached skill level 2 in Conjurations
   355 | D:1      | Reached XP level 2. HP: 13/15 MP: 0/6
   505 | D:1      | Reached skill level 3 in Conjurations
   813 | D:1      | Upgraded the game from 0.17-a0-1378-g281efdd to 0.17-a0-1382-gc46a074
   945 | D:2      | Found a faded altar to an unknown god.
  1262 | D:2      | Found a shadowy altar of Dithmenos.
  1362 | D:2      | You fall through a shaft for 2 floors!
  1363 | D:4      | Reached XP level 3. HP: 17/19 MP: 5/7
  1432 | D:4      | Found Nafoip's Gadget Shoppe.
  1452 | D:4      | Found an ancient bone altar of Kikubaaqudgha.
  1537 | D:4      | Reached skill level 4 in Conjurations
  1537 | D:4      | Reached XP level 4. HP: 22/24 MP: 2/8
  1575 | D:4      | Found a sand-covered staircase.
  1625 | Ossuary  | Entered an ossuary
  1993 | Ossuary  | Reached skill level 5 in Conjurations
  1993 | Ossuary  | Reached skill level 5 in Air Magic
  2017 | Ossuary  | HP: 5/24 [centaur zombie (7)]
  2022 | Ossuary  | HP: 4/24 [centaur zombie (4)]
  2023 | Ossuary  | Gained mutation: You can fly. [Tengu growth]
  2023 | Ossuary  | Reached XP level 5. HP: 4/28 MP: 3/9
  2288 | Ossuary  | Reached skill level 6 in Conjurations
  2288 | Ossuary  | Reached skill level 6 in Air Magic
  2288 | Ossuary  | Reached XP level 6. HP: 13/32 MP: 0/10
  2575 | Ossuary  | HP: 6/32 [centaur zombie (4)]
  2975 | Ossuary  | Learned a level 2 spell: Repel Missiles
  2978 | Ossuary  | Learned a level 2 spell: Swiftness
  3011 | D:4      | Reached skill level 3 in Spellcasting
  3037 | D:3      | Reached XP level 7. HP: 36/36 MP: 8/12
  3361 | D:3      | Reached skill level 7 in Conjurations
  3592 | D:3      | Noticed North's ghost (average HuBe)
  3951 | D:3      | Found a sacrificial altar of Ru.
  3951 | D:3      | Found a radiant altar of Vehumet.
  4147 | D:4      | Reached skill level 7 in Air Magic
  4176 | D:4      | Noticed Eustachio
  4295 | D:4      | Killed Eustachio
  4416 | D:4      | Found a sparkling altar of Nemelex Xobeh.
  4559 | D:4      | Reached skill level 8 in Air Magic
  4702 | D:5      | Entered Level 5 of the Dungeon
  4702 | D:5      | Found Oblitzokha's Weapon Shoppe.
  4719 | D:5      | Reached XP level 8. HP: 41/41 MP: 8/14
  5235 | D:4      | Found a basalt altar of Yredelemnul.
  5281 | D:5      | Found a glowing silver altar of Zin.
  5459 | D:5      | Reached skill level 4 in Spellcasting
  5459 | D:5      | Reached skill level 8 in Conjurations
  5961 | D:6      | Got an ancient buckler
  5982 | D:5      | Identified the cursed +0 buckler of Altruism {+Blink} (You found it on level 6 of the Dungeon)
  6102 | D:5      | Reached skill level 9 in Air Magic
  6347 | D:6      | Reached skill level 9 in Conjurations
  6455 | D:6      | Found a staircase to the Ecumenical Temple.
  6465 | Temple   | Entered the Ecumenical Temple
  6666 | D:6      | Found a deep blue altar of Sif Muna.
  6713 | D:6      | Became a worshipper of Sif Muna the Loreminder
  6900 | D:6      | Learned a level 3 spell: Static Discharge
  6906 | D:6      | Learned a level 5 spell: Lightning Bolt
  7131 | D:7      | Reached XP level 9. HP: 35/45 MP: 17/17
  7510 | D:6      | Acquired Sif Muna's first power
  7510 | D:6      | Reached skill level 5 in Spellcasting
  7510 | D:6      | Reached skill level 10 in Air Magic
  7667 | D:7      | Reached skill level 10 in Conjurations
  7722 | D:7      | Found Dulofeuxze's Antique Weapon Shoppe.
  7939 | D:7      | Noticed Joseph
  7939 | D:7      | Noticed Pikel
  7961 | D:7      | Killed Pikel
  7961 | D:7      | HP: 11/45 [Joseph/sling bullet (10)]
  8224 | D:7      | Acquired Sif Muna's second power
  8306 | D:7      | Killed Joseph
  8306 | D:7      | Reached skill level 11 in Conjurations
  8306 | D:7      | Reached skill level 11 in Air Magic
  8559 | D:8      | Noticed Gastronok
  9125 | D:8      | Reached XP level 10. HP: 37/50 MP: 5/19
  9230 | D:8      | Found an iron altar of Okawaru.
  9410 | D:8      | Reached skill level 6 in Spellcasting
  9517 | D:8      | Reached skill level 1 in Armour
  9668 | D:8      | Reached skill level 12 in Air Magic
 10041 | D:8      | Reached skill level 2 in Armour
 10628 | D:8      | Reached skill level 12 in Conjurations
 11016 | D:8      | Reached skill level 3 in Armour
 11859 | D:8      | Learned a level 3 spell: Stone Arrow
 12565 | D:9      | Acquired Sif Muna's third power
 12600 | D:9      | Found a shattered altar of Ashenzari.
 12639 | D:9      | Found a bloodstained altar of Trog.
 12688 | D:9      | Reached skill level 4 in Armour
 12726 | D:9      | Reached skill level 7 in Spellcasting
 12735 | D:9      | Got an iridescent great sword
 12747 | D:9      | Identified the +11 great sword "Guam" {slice, MP+9} (You took it off an orc warrior on level 9 of the Dungeon)
 12748 | D:9      | --Wow - that *is* a great sword!
 13537 | D:9      | Reached XP level 11. HP: 54/54 MP: 8/22
 13913 | D:9      | Reached skill level 13 in Air Magic
 14247 | D:10     | Entered Level 10 of the Dungeon
 14484 | D:10     | Noticed Maud
 14554 | D:10     | HP: 16/54 [Maud/halberd of protection (17)]
 14576 | D:10     | HP: 10/54 [Maud/halberd of protection (10)]
 15563 | D:10     | Reached skill level 5 in Armour
 16732 | D:11     | Reached skill level 8 in Spellcasting
 16821 | D:11     | Reached skill level 13 in Conjurations
 16822 | D:11     | Noticed Maurice
 16914 | D:11     | Killed Maurice
 16914 | D:11     | Reached skill level 1 in Fighting
 16946 | D:11     | HP: 16/56 [centaur (2)]
 16948 | D:11     | HP: 6/56 [centaur/arrow (10)]
 16953 | D:11     | HP: 20/84 [centaur (2)]
 16957 | D:11     | HP: 9/84 [centaur (3)]
 16958 | D:11     | HP: 3/84 [centaur (6)]
 17281 | D:11     | Reached skill level 2 in Fighting
 17447 | D:11     | HP: 14/58 [orc warrior/trident of venom (11)]
 17450 | D:11     | HP: 4/58 [orc warrior/trident of venom (6)]
 17457 | D:11     | HP: 8/58 [orc warrior/trident of venom (8)]
 17467 | D:10     | HP: 16/58 [poisoned by an orc warrior]
 17473 | D:10     | HP: 13/58 [poisoned by an orc warrior]
 17479 | D:10     | HP: 12/58 [poisoned by an orc warrior]
 17487 | D:11     | HP: 12/58 [poisoned by an orc warrior]
 17765 | D:11     | Reached skill level 3 in Fighting
 18059 | D:11     | HP: 7/60 [komodo dragon (27)]
 18432 | D:11     | Noticed Erica
 18468 | D:11     | HP: 15/60 [Erica/scimitar of flaming (8)]
 18469 | D:11     | Killed from afar by Erica

Vault maps used:
D:1:      dpeg_arrival_leaves_temple_mockup, minmay_misc_feat_rows,
          minmay_ruptured
D:2:      ecumenical_altar_2, grunt_dithmenos_smoke_and_mirrors
D:3:      gammafunk_temple_overflow_wave
D:4:      kennysheep_mini, nicolae_overflow_hidden_temple,
          kiku_gazebo_garden_becter, first_bread,
          nicolae_ossuary_entry_monument, serial_shops, nicolae_shop_stone,
          uniq_eustachio
D:5:      lemuel_crystal_altar, serial_shops, shop, minmay_misc_feat_five
D:6:      old_standard_altar, temple_hall
D:7:      serial_shops, shop, uniq_joseph, uniq_pikel
D:8:      okawaru_humans, serial_undead, serial_undead_f, serial_undead_a,
          serial_undead_d, serial_undead_c, serial_undead_f, serial_undead_d,
          serial_undead_b, serial_undead_a, serial_undead_e, serial_undead_b,
          uniq_gastronok
D:9:      kennysheep_mini_moat, lightli_temple_of_fire,
          hangedman_pestilent_swarm
D:10:     uniq_maud
D:11:     grunt_lair_entry_elf_guard_hut, david_orc_5, lemuel_old_faithful,
          uniq_erica, uniq_maurice
Temple:   zaba_magenta_temple_8
Ossuary:  ossuary_tomb_1

Action                   |  1- 3 |  4- 6 |  7- 9 | 10-12 || total
-------------------------+-------+-------+-------+-------++-------
Melee: Spear             |     4 |    57 |     7 |       ||    68
       Falchion          |       |       |    73 |   200 ||   273
       Great sword       |       |       |       |     4 ||     4
 Fire: Hunting sling     |     4 |   115 |    52 |    22 ||   193
Throw: Throwing net      |       |     1 |       |       ||     1
       Javelin           |       |       |     1 |       ||     1
 Cast: Shock             |    45 |    73 |   276 |   303 ||   697
       Repel Missiles    |       |     1 |     2 |     1 ||     4
       Swiftness         |       |       |     3 |     9 ||    12
       Lightning Bolt    |       |       |    11 |    23 ||    34
       Stone Arrow       |       |       |       |   105 ||   105
       Static Discharge  |       |       |       |     2 ||     2
Invok: Channel Energy    |       |       |       |    12 ||    12
Evoke: Wand              |       |       |     1 |     2 ||     3
  Use: Scroll            |     8 |     1 |     8 |     5 ||    22
       Potion            |       |     4 |     1 |     4 ||     9
 Stab: Sleeping          |       |     1 |       |       ||     1
       Held in net/web   |       |     2 |       |       ||     2
       Distracted        |       |       |     1 |       ||     1
  Eat: Chunk             |     3 |     1 |    18 |    28 ||    50
       Pizza             |       |     1 |       |     1 ||     2
       Bread ration      |       |     1 |       |       ||     1
       Beef jerky        |       |       |     1 |     3 ||     4
       Fruit             |       |       |     1 |       ||     1
       Royal jelly       |       |       |       |     1 ||     1

Table legend:
 A = Turns spent in this place as a percentage of turns spent in the entire game.
 B = Non-inter-level travel turns spent in this place as a percentage of non-inter-level travel turns spent in the entire game.
 C = Inter-level travel turns spent in this place as a percentage of turns spent in this place.
 D = Turns resting spent in this place as a percentage of non-inter-level travel turns spent in this place.
 E = Turns spent auto-exploring this place as a percentage of non-inter-level travel turns spent in this place.
 F = Non-inter-level travel turns spent in this place divided by the number of levels of this place that you've seen.
                   A       B       C       D       E      F
               +-------+-------+-------+-------+-------+----------------------
         Total | 100.0 | 100.0 |   0.7 |   4.3 |   3.3 | 549.8
       Dungeon |  87.6 |  87.5 |   0.7 |   4.5 |   3.7 | 568.8
        Temple |   0.1 |   0.1 |  12.5 |   0.0 |  71.4 |   7.0
       Ossuary |  12.3 |  12.4 |   0.0 |   2.9 |   0.2 | 883.0
               +-------+-------+-------+-------+-------+----------------------

Vault maps used:
D:1:      dpeg_arrival_leaves_temple_mockup, minmay_misc_feat_rows,
          minmay_ruptured
D:2:      ecumenical_altar_2, grunt_dithmenos_smoke_and_mirrors
D:3:      gammafunk_temple_overflow_wave
D:4:      kennysheep_mini, nicolae_overflow_hidden_temple,
          kiku_gazebo_garden_becter, first_bread,
          nicolae_ossuary_entry_monument, serial_shops, nicolae_shop_stone,
          uniq_eustachio
D:5:      lemuel_crystal_altar, serial_shops, shop, minmay_misc_feat_five
D:6:      old_standard_altar, temple_hall
D:7:      serial_shops, shop, uniq_joseph, uniq_pikel
D:8:      okawaru_humans, serial_undead, serial_undead_f, serial_undead_a,
          serial_undead_d, serial_undead_c, serial_undead_f, serial_undead_d,
          serial_undead_b, serial_undead_a, serial_undead_e, serial_undead_b,
          uniq_gastronok
D:9:      kennysheep_mini_moat, lightli_temple_of_fire,
          hangedman_pestilent_swarm
D:10:     uniq_maud
D:11:     grunt_lair_entry_elf_guard_hut, david_orc_5, lemuel_old_faithful,
          uniq_erica, uniq_maurice
Temple:   zaba_magenta_temple_8
Ossuary:  ossuary_tomb_1
